 Dungeon Crawl Stone Soup version 0.24.0-13-gcf9b3192b9 (webtiles) character file.

Game seed: 4196188582578755680, levelgen mode: deterministic

97 mopl the Chopper (level 4, 0/39 HPs)
             Began as a Hill Orc Monk on Nov 7, 2019.
             Succumbed to a worker ant's poison
             ... on level 1 of the Dungeon.
             The game lasted 00:02:23 (2122 turns).

mopl the Chopper (Hill Orc Monk)                    Turns: 2122, Time: 00:02:24

Health: 0/39       AC:  7    Str: 14    XL:     4   Next: 68%
Magic:  4/4        EV: 11    Int: 10    God:
Gold:   69         SH:  0    Dex: 13    Spells: 3/3 levels left

rFire    . . .     SeeInvis .   c - 6 rations
rCold    . . .     Gourm    .   (no shield)
rNeg     + . .     Faith    .   e - +0 ring mail
rPois    .         Spirit   .   (no helmet)
rElec    .         Reflect  .   l - +0 cloak
rCorr    .         Harm     .   m - +0 pair of gloves
MR       .....                  (no boots)
Stlth    +.........             (no amulet)
HPRegen  0.13/turn              g - ring of positive energy
MPRegen  0.09/turn              (no ring)

@: lethally poisoned (0 -> 0), very slightly contaminated
A: no striking features
a: no special abilities


You were on level 1 of the Dungeon.
You were not hungry.

You visited 1 branch of the dungeon, and saw 3 of its levels.

You collected 69 gold pieces.

Inventory:

Hand Weapons
 a - a +0 hand axe
Armour
 e - a +0 ring mail (worn)
 h - a +0 plate armour
 l - a +0 cloak (worn)
 m - a +0 pair of gloves (worn)
Jewellery
 g - a ring of positive energy (left hand)
Scrolls
 b - 2 scrolls of teleportation {unknown}
 d - 2 scrolls of blinking
 f - a scroll of fear {unknown}
 i - a scroll of amnesia {unknown}
 j - a scroll of identify {unknown}
 k - a scroll of noise {unknown}
 n - a scroll of enchant armour {unknown}
Comestibles
 c - 6 rations (in hand)


   Skills:
 - Level 3.6 Fighting
 + Level 7.0 Axes
 - Level 2.4 Dodging
 - Level 1.5 Stealth


You had 3 spell levels left.
You didn't know any spells.
Your spell library was empty.

Dungeon Overview and Level Annotations

Branches:
Dungeon (3/15)

Altars:


Message History

You swing at nothing.
* * * LOW HITPOINT WARNING * * *
You feel sick.
You swing at nothing.
You swing at nothing.
* * * LOW HITPOINT WARNING * * *
You feel sick.
You swing at nothing.
You swing at nothing.
You swing at nothing.
* * * LOW HITPOINT WARNING * * *
You feel sick.
You swing at nothing.
You swing at nothing.
You swing at nothing.
* * * LOW HITPOINT WARNING * * *
You feel sick.
You swing at nothing.
You swing at nothing.
You die...

####### #.....#
########+###.#
#.........##.#
#.........##.#
#.........##.#############
#.........+........>......
#.........#.##.#...#######
#.......>@................
#.........#...............
##..........#.##....#.....
#........###......###...#
#........#######.##.#...#
#.............##.###.....
##.....######.##..##.....
#.....# #.#.....^....
#.....# #.#.......#..


There were no monsters in sight!

Vanquished Creatures
  4 adders (D:2)
  An ooze (D:1)
  An adder zombie (D:2)
  3 worms (D:2)
  A dart slug (D:1)
  A leopard gecko (D:1)
  4 bats
  4 giant cockroaches
  3 goblins
  4 hobgoblins
  4 jackals (D:2)
  5 kobolds
  A ball python (D:1)
  3 frilled lizards
  6 rats
45 creatures vanquished.

Vanquished Creatures (others)
  A leopard gecko (D:2)
  2 goblins (D:2)
  A rat (D:1)
4 creatures vanquished.

Grand Total: 49 creatures vanquished

Notes
Turn   | Place    | Note
-------+----------+-------------------------------------------
     0 | D:1      | mopl the Hill Orc Monk began the quest for the Orb.
     0 | D:1      | Reached XP level 1. HP: 19/19 MP: 1/1
    42 | D:1      | Reached XP level 2. HP: 17/26 MP: 2/2
   216 | D:1      | Reached skill level 5 in Axes
   278 | D:1      | Reached XP level 3. HP: 28/31 MP: 3/3
   477 | D:1      | HP: 1/31 [poisoned by an adder]
   822 | D:2      | Reached skill level 6 in Axes
   917 | D:2      | HP: 1/31 [hobgoblin/cursed -2 spear (2)]
  1395 | D:2      | Reached XP level 4. HP: 13/39 MP: 4/4
  1971 | D:2      | Reached skill level 7 in Axes
  2117 | D:1      | HP: 1/39 [poisoned by a worker ant]
  2122 | D:1      | Succumbed to a worker ant's poison

Levels and vault maps discovered:
D:1:      erik_arrival_blinker_ship, layout_basic
D:2:      layout_loops_ring, first_ration, minmay_stone_trees_small,
          palyth_stone_intersect, lemuel_old_faithful
D:3:      layout_rooms, chequers_ecumenical_altar_simple, uniq_grinder,
          uniq_ijyb, uniq_robin

Skill      XL: |  1  2  3  4 |
---------------+-------------+-----
Axes           | 5 6 7 |  7.0
Fighting       | |  3.6
Dodging        | |  2.4
Stealth        | |  1.5

Action                   |  1- 3 |  4- 6 || total
-------------------------+-------+-------++-------
Melee: Hand axe          |   141 |    57 ||   198
  Use: Potion            |     1 |       ||     1
       Scroll            |       |     1 ||     1
 Stab: Sleeping          |     1 |       ||     1
  Eat: Chunk             |     2 |     2 ||     4
Armor: Robe              |     4 |       ||     4
       Ring mail         |    35 |    16 ||    51
Dodge: Dodged            |    88 |    17 ||   105
